 Dungeon Crawl Stone Soup version 0.29.0-4-gdea44cf6ec (webtiles) character file.

Game seed: 11175466061728622014

422 qw the Chopper (level 6, -6/37 HPs)
             Began as a Tengu Warper on Aug 29, 2022.
             Killed from afar by Ijyb (17 damage)
             ... with a bolt of acid
             ... on level 4 of the Dungeon.
             The game lasted 00:00:25 (3450 turns).

qw the Chopper (Tengu Warper)                       Turns: 3450, Time: 00:00:26

Health: -6/37      AC:  7    Str: 14    XL:     6   Next: 95%
Magic:  10/10      EV: 11    Int: 13    God:
Gold:   168        SH:  0    Dex: 13    Spells: 9/9 levels left

rFire   . . .      SeeInvis .   Y - +0 war axe
rCold   . . .      Faith    .   (no shield)
rNeg    . . .      Spirit   .   b - +0 scale mail
rPois   .          Reflect  .   (helmet restricted)
rElec   .          Harm     .   i - +0 cloak
rCorr   .          Rampage  .   (no gloves)
Will    .....                   (boots unavailable)
Stlth   ..........              (no amulet)
HPRegen 0.12/turn               (no ring)
MPRegen 0.12/turn               (no ring)

@: flying quickly and evasively, quick
A: beak, talons 3, nimble flight
a: no special abilities


You were on level 4 of the Dungeon.
You visited 1 branch of the dungeon, and saw 4 of its levels.

You collected 168 gold pieces.


Innate Abilities, Weirdness & Mutations

You have a beak for a mouth.
You have claws for feet.
Your magical nature lets you fly swiftly and evasively.


   Skills:
 - Level 3.0 Fighting
 + Level 7.5 Axes
 - Level 1.0 Throwing
 - Level 1.1 Armour
 - Level 2.1 Dodging
 - Level 2.0 Spellcasting
 - Level 2.4 Translocations


You had 9 spell levels left.
You didn't know any spells.
Your spell library contained the following spells:

 Spells                   Type           Power      Damage    Failure   Level
 Blink                    Tloc           14%        N/A       54%         2
 Gell's Gravitas          Tloc           7%         N/A       77%         3
 Lesser Beckoning         Tloc           7%         N/A       77%         3
 Teleport Other           Tloc           7%         N/A       77%         3
 Manifold Assault         Tloc           7%         N/A       100%        5

Inventory:

Hand Weapons
 j - a +0 flail
 Y - a +0 war axe (weapon)
Armour
 b - a +0 scale mail (worn)
 d - the +0 chain mail of Apathy {Harm rF+ Regen+ Int-4}
   (You found it on level 3 of the Dungeon)

   Int:       It affects your intelligence (-4).
   rF:        It protects you from fire.
   Regen:     It increases your rate of health regeneration.
   Harm:      It increases damage dealt and taken.
 i - a +0 cloak (worn)
 k - a +0 chain mail
Scrolls
 c - a scroll of identify
Potions
 a - 2 potions of might {unknown}
 e - a potion of haste {unknown}
 f - a potion of heal wounds
 g - a potion of flight {unknown}
 h - 2 potions of cancellation
 l - a potion of brilliance {unknown}

Dungeon Overview and Level Annotations

Branches:
Dungeon (4/15)
 Temple: D:4-7

Altars:
Sif Muna

Shops:
D:3 [

Annotations:
D:4 Ijyb


Message History

The orc is severely wounded.
The orc hits you but does no damage.
You closely miss the orc.
The orc is severely wounded.
The orc hits you but does no damage.
You barely miss the orc. You claw the orc.
You kill the orc!
You start resting.
A goblin is nearby!
3426 ||| FLEEEEING.
Ijyb the Twisted Goblin comes into view.
She is wielding a +0 club, wearing a +1 leather armour of positive energy and carrying a wand of acid (11).
Ijyb shouts!
3427 ||| FLEEEEING.
3428 ||| FLEEEEING.
3431 ||| FLEEEEING.
Found 5 poisoned darts.
3437 ||| FLEEEEING.
3438 ||| FLEEEEING.
A ball python comes into view.
The ball python hisses angrily.
3439 ||| Stepping ~*~*~tactically~*~*~ (hiding).
3442 ||| Stepping ~*~*~tactically~*~*~ (hiding).
3445 ||| Stepping ~*~*~tactically~*~*~ (hiding).
Ijyb zaps a wand.
The bolt of acid hits you!
The ball python bites you but does no damage.
The ball python grabs you. The ball python constricts you.
3447 ||| DRINKING 2 potions of heal wounds.
You feel much better. The ball python barely misses you.
The ball python constricts you.
You barely miss the ball python. Your kick misses the ball python.
Ijyb screams, "Level is mine!
All mine!"
Ijyb zaps a wand.
The bolt of acid hits you!
The ball python bites you but does no damage.
The ball python constricts you.
You hit the ball python.
You kill the ball python!
You slash Ijyb!
Ijyb is moderately wounded.
Ijyb zaps a wand.
The bolt of acid hits you!
You die...

....##....##...)).#.~~¤~0.#
.......#.#.#####)...0~¤~~.#
...#.#.#...#.###....~~_~0..#
.#.#...........#....~~00~..#
...##.....##.#...(~~.~~..#
.............##..........#
....#.###.#..##..........#
...........#............##
...##....@##.....########
#......%g...............
#.#.#...#.#....#.######
....#.#.#......#.#...#
.##.......#####....#.#
......#.....# #....#.#
#.#....#....####....#.#
.......#..........#.#.#
..##.......##g....#.#.#


You could see Ijyb.

Vanquished Creatures
  Sigmund (D:3)
  An orc priest (D:4)
  An iguana (D:4)
  Natasha (twice) (D:2)
  Robin (D:2)
  3 adders
  2 gnolls (D:1)
  2 dart slugs
  9 orcs (D:4)
  8 ball pythons
  3 bats
  5 endoplasms
  4 giant cockroaches (D:4)
  14 goblins
  10 hobgoblins
  4 jackals
  2 quokkas
  2 frilled lizards (D:1)
  5 kobolds
  7 rats
86 creatures vanquished.

Notes
Turn   | Place    | Note
-------+----------+-------------------------------------------
     0 | D:1      | qw the Tengu Warper began the quest for the Orb.
     0 | D:1      | Reached XP level 1. HP: 12/12 MP: 4/4
     0 | D:1      | 0 ||| qw: Version: 0.1-a-89-g26bdef1
     0 | D:1      | 0 ||| qw: Game counter: 3477
     0 | D:1      | 0 ||| qw: Always use a shield: true
     0 | D:1      | 0 ||| qw: God list: Okawaru
     0 | D:1      | 0 ||| qw: Allow faded altars: false
     0 | D:1      | 0 ||| qw: Do Orc after D:15 true
     0 | D:1      | 0 ||| qw: Do second Lair branch before Depths: true
     0 | D:1      | 0 ||| qw: Lair rune preference: random
     0 | D:1      | 0 ||| qw: Plans: Normal
     0 | D:1      | 0 ||| PLANNING D:1-11
   158 | D:1      | Reached XP level 2. HP: 17/17 MP: 6/6
   159 | D:1      | 159 ||| Stepping ~*~*~tactically~*~*~ (stealth).
   164 | D:1      | Reached skill level 3 in Axes
   381 | D:1      | 381 ||| Stepping ~*~*~tactically~*~*~ (stealth).
   474 | D:1      | Reached XP level 3. HP: 13/21 MP: 7/7
   687 | D:1      | Reached skill level 4 in Axes
   890 | D:1      | Found a faded altar of an unknown god.
  1124 | D:1      | 1124 ||| UPGRADING to +0 cloak.
  1129 | D:1      | 1129 ||| UPGRADING to +0 ring mail.
  1139 | D:1      | 1139 ||| DROPPING +0 leather armour.
  1140 | D:1      | 1140 ||| READING scroll labelled YSUUSUOFAO.
  1141 | D:1      | 1141 ||| READING scroll labelled GOVIDW YDIONG.
  1142 | D:1      | 1142 ||| READING scroll labelled PIWYOV NECONN.
  1143 | D:1      | 1143 ||| DROPPING scroll of blinking.
  1447 | D:2      | 1447 ||| Stepping ~*~*~tactically~*~*~ (stealth).
  1586 | D:2      | 1586 ||| SWAPPING to +0 war axe.
  1587 | D:2      | 1587 ||| DROPPING +0 hand axe of protection.
  1639 | D:2      | 1639 ||| Stepping ~*~*~tactically~*~*~ (hiding).
  1646 | D:2      | Reached XP level 4. HP: 26/26 MP: 8/8
  1694 | D:2      | 1694 ||| Stepping ~*~*~tactically~*~*~ (stealth).
  1745 | D:2      | Noticed Robin
  1757 | D:2      | Reached skill level 5 in Axes
  1757 | D:2      | 1757 ||| FLEEEEING.
  1758 | D:2      | 1758 ||| FLEEEEING.
  1759 | D:2      | 1759 ||| FLEEEEING.
  1760 | D:2      | 1760 ||| FLEEEEING.
  1761 | D:2      | 1761 ||| FLEEEEING.
  1762 | D:2      | 1762 ||| FLEEEEING.
  1763 | D:2      | 1763 ||| FLEEEEING.
  1764 | D:2      | 1764 ||| FLEEEEING.
  1765 | D:2      | 1765 ||| FLEEEEING.
  1766 | D:2      | 1766 ||| FLEEEEING.
  1767 | D:2      | 1767 ||| FLEEEEING.
  1768 | D:2      | 1768 ||| FLEEEEING.
  1769 | D:2      | 1769 ||| FLEEEEING.
  1770 | D:2      | 1770 ||| FLEEEEING.
  1771 | D:2      | 1771 ||| FLEEEEING.
  1772 | D:2      | 1772 ||| FLEEEEING.
  1773 | D:2      | 1773 ||| FLEEEEING.
  1774 | D:2      | 1774 ||| FLEEEEING.
  1775 | D:2      | 1775 ||| FLEEEEING.
  1776 | D:2      | 1776 ||| FLEEEEING.
  1777 | D:2      | 1777 ||| FLEEEEING.
  1778 | D:2      | 1778 ||| FLEEEEING.
  1779 | D:2      | 1779 ||| FLEEEEING.
  1780 | D:2      | 1780 ||| FLEEEEING.
  1781 | D:2      | 1781 ||| FLEEEEING.
  1782 | D:2      | 1782 ||| FLEEEEING.
  1783 | D:2      | 1783 ||| FLEEEEING.
  1784 | D:2      | 1784 ||| FLEEEEING.
  1785 | D:2      | 1785 ||| FLEEEEING.
  1786 | D:2      | 1786 ||| FLEEEEING.
  1787 | D:2      | 1787 ||| FLEEEEING.
  1788 | D:2      | 1788 ||| FLEEEEING.
  1789 | D:2      | 1789 ||| FLEEEEING.
  1790 | D:2      | 1790 ||| FLEEEEING.
  1791 | D:2      | 1791 ||| STAIRDANCE
  1981 | D:1      | 1981 ||| READING scroll labelled UVOL GURAIJINY.
  1982 | D:1      | 1982 ||| READING scroll labelled IPOCEU AN OGYU.
  2083 | D:1      | 2083 ||| READING scroll labelled BIPHIL NYHU.
  2084 | D:1      | 2084 ||| DRINKING 2 blue potions.
  2085 | D:1      | 2085 ||| DRINKING 2 fizzy golden potions.
  2086 | D:1      | 2086 ||| DRINKING 2 lumpy coppery potions.
  2087 | D:1      | 2087 ||| DROPPING potion of attraction.
  2090 | D:2      | 2090 ||| STAIRDANCE
  2096 | D:2      | 2096 ||| STAIRDANCE
  2196 | D:2      | Killed Robin
  2252 | D:2      | Noticed Natasha
  2259 | D:2      | HP: 6/26 [Natasha (5)]
  2260 | D:2      | 2260 ||| DRINKING potion of heal wounds.
  2267 | D:2      | Killed Natasha
  2268 | D:2      | Gained mutation: Your magical nature lets you fly swiftly
                  | and evasively. [Tengu growth]
  2268 | D:2      | Reached XP level 5. HP: 14/30 MP: 9/9
  2291 | D:2      | Noticed Natasha
  2292 | D:2      | 2292 ||| FLEEEEING.
  2293 | D:2      | 2293 ||| FLEEEEING.
  2298 | D:2      | Killed Natasha
  2455 | D:2      | 2455 ||| UPGRADING to +0 scale mail.
  2465 | D:2      | 2465 ||| DROPPING +0 ring mail.
  2608 | D:3      | Noticed Sigmund
  2609 | D:3      | 2609 ||| Stepping ~*~*~tactically~*~*~ (hiding).
  2619 | D:3      | Killed Sigmund
  2620 | D:3      | Reached skill level 7 in Axes
  2620 | D:3      | Reached XP level 6. HP: 22/35 MP: 10/10
  2746 | D:3      | Identified the +0 chain mail of Apathy {Harm rF+ Regen+
                  | Int-4}
  2764 | D:3      | Found Hien's Antique Armour Boutique.
  2776 | D:3      | 2776 ||| SHOPLISTING glowing chain mail (165 gold, have
                  | 139).
  2776 | D:3      | 2776 ||| SHOPLISTING glowing orb (264 gold, have 139).
  2776 | D:3      | 2776 ||| SHOPLISTING glowing plate armour (572 gold, have
                  | 139).
  2776 | D:3      | 2776 ||| SHOPLISTING slimy ring mail (198 gold, have 139).
  2815 | D:3      | 2815 ||| Stepping ~*~*~tactically~*~*~ (hiding).
  3052 | D:4      | 3052 ||| STAIRDANCE
  3167 | D:4      | Found a shimmering blue altar of Sif Muna.
  3213 | D:4      | 3213 ||| FLEEEEING.
  3214 | D:4      | 3214 ||| FLEEEEING.
  3215 | D:4      | 3215 ||| FLEEEEING.
  3216 | D:4      | 3216 ||| FLEEEEING.
  3217 | D:4      | 3217 ||| FLEEEEING.
  3218 | D:4      | 3218 ||| FLEEEEING.
  3219 | D:4      | 3219 ||| FLEEEEING.
  3305 | D:4      | 3305 ||| Stepping ~*~*~tactically~*~*~ (stealth).
  3402 | D:4      | Reached skill level 3 in Fighting
  3408 | D:4      | 3408 ||| Stepping ~*~*~tactically~*~*~ (stealth).
  3409 | D:4      | 3409 ||| Stepping ~*~*~tactically~*~*~ (stealth).
  3426 | D:4      | 3426 ||| FLEEEEING.
  3426 | D:4      | Noticed Ijyb
  3427 | D:4      | 3427 ||| FLEEEEING.
  3428 | D:4      | 3428 ||| FLEEEEING.
  3431 | D:4      | 3431 ||| FLEEEEING.
  3437 | D:4      | 3437 ||| FLEEEEING.
  3438 | D:4      | 3438 ||| FLEEEEING.
  3439 | D:4      | 3439 ||| Stepping ~*~*~tactically~*~*~ (hiding).
  3442 | D:4      | 3442 ||| Stepping ~*~*~tactically~*~*~ (hiding).
  3445 | D:4      | 3445 ||| Stepping ~*~*~tactically~*~*~ (hiding).
  3446 | D:4      | HP: 7/37 [Ijyb/bolt of acid (13)]
  3447 | D:4      | 3447 ||| DRINKING 2 potions of heal wounds.
  3450 | D:4      | Killed from afar by Ijyb

Levels and vault maps discovered:
D:1:      heliophobic_arrival_enchanted_forest, layout_loops_ring,
          basic_ecumenical_altar, chequers_avenue, hangedman_decor_lopped,
          corexii_item_surrounded_by_moat
D:2:      layout_rooms, uniq_natasha, uniq_robin
D:3:      layout_rooms, serial_shops, nicolae_shop_crystal, uniq_sigmund
D:4:      nicolae_cairo_tiling_large_dashed, layout_basic,
          nicolae_sif_muna_condensation, corexii_checkpoint_b,
          nrook_mini_backslash, minmay_fractal_squares_5, uniq_ijyb

Skill      XL: |  1  2  3  4  5  6 |
---------------+-------------------+-----
Axes           | 3 4 5 7 |  7.5
Fighting       | 3 |  3.0
Throwing       | |  1.0
Armour         | |  1.1
Dodging        | |  2.1
Spellcasting   | |  2.0
Translocations | |  2.4

Action                   |  1- 3 |  4- 6 || total
-------------------------+-------+-------++-------
Melee: Hand axe          |    86 |       ||    86
       Kick              |    24 |    30 ||    54
       Peck              |     6 |    17 ||    23
       War axe           |     6 |   121 ||   127
       Unarmed           |       |     2 ||     2
       Punch             |       |     1 ||     1
Throw: Boomerang         |     7 |       ||     7
  Use: Scroll            |     3 |     3 ||     6
       Potion            |       |     5 ||     5
Armor: Leather armour    |    11 |       ||    11
       Ring mail         |    19 |    23 ||    42
       Scale mail        |       |    26 ||    26
       Skin              |       |     1 ||     1
Dodge: Dodged            |    50 |    79 ||   129

Table legend:
 A = Non-vault XP
 B = Vault XP
 C = Vault XP percentage of total XP
 D = Non-vault monster count
 E = Vault monster count
 F = Vault count percentage of total count
                 A         B        C        D         E       F
            +---------+---------+-------+---------+---------+-------
      Total |     287 |     316 |  52.4 |      67 |      19 |  22.1
            +---------+---------+-------+---------+---------+-------
        D:1 |      56 |       6 |   9.7 |      19 |       3 |  13.6
        D:2 |      81 |      66 |  44.9 |      19 |      10 |  34.5
        D:3 |      33 |     223 |  87.1 |      12 |       1 |   7.7
        D:4 |     117 |      21 |  15.2 |      17 |       5 |  22.7
            +---------+---------+-------+---------+---------+-------
